 Dungeon Crawl Stone Soup version 0.17-a0-2098-gf59d6bc (webtiles) character file.

294 Ohli the Skirmisher (level 6, -8/48 HPs)
             Began as a Demonspawn Fighter on Oct 17, 2015.
             Killed by divine providence
             ... invoked by an orc priest
              (16 damage)
             ... on level 4 of the Dungeon.
             The game lasted 00:12:17 (3265 turns).

Ohli the Skirmisher (Demonspawn Fighter)            Turns: 3265, Time: 00:12:47

Health: -8/48      AC: 11    Str: 18    XL:     6   Next: 11%
Magic:  6/6        EV: 13    Int:  9    God:
Gold:   144        SH: 10    Dex: 18    Spells: 0 memorised, 5 levels left

rFire  . . .     SeeInvis .     a - +0 war axe
rCold  + . .     Clarity  .     b - +0 scale mail
rNeg   . . .     SustAt   .     c - +0 shield
rPois  .         Gourm    .     t - +0 helmet
rElec  .         Spirit   .     o - +2 cloak
rCorr  .         Warding  .     (no gloves)
rMut   .         Stasis   +     (no boots)
MR     .....                    g - amulet of stasis
Stlth  ++........               s - ring of protection from fire
                                h - ring of ice

@: agile, lethally poisoned (-8 -> -12), not resistant to hostile enchantments,
unstealthy
A: talons 1, nightstalker 1, powered by pain 2
a: no special abilities


You were on level 4 of the Dungeon.
You were not hungry.

You visited 1 branch of the dungeon, and saw 4 of its levels.

You collected 144 gold pieces.

Inventory:

Hand Weapons
 a - a +0 war axe (weapon)
Missiles
 n - 2 tomahawks (quivered)
Armour
 b - a +0 scale mail (worn)
 c - a +0 shield (worn)
 o - a +2 cloak (worn)
 t - a +0 helmet (worn)
Jewellery
 g - an amulet of stasis (around neck)
 h - a ring of ice (left hand)
 s - a ring of protection from fire (right hand)
 v - an uncursed ring of stealth
Scrolls
 f - 3 scrolls of remove curse
 i - 2 scrolls of fear {unknown}
 j - a scroll of magic mapping {unknown}
 l - 2 scrolls of recharging {unknown}
 p - 5 scrolls of identify {unknown}
 u - a scroll of enchant weapon {unknown}
 w - 2 scrolls of teleportation {unknown}
 y - a scroll of enchant armour {unknown}
Potions
 d - 3 potions of might
 m - 2 potions of heal wounds
 q - a potion of cancellation {unknown}
 r - 2 potions of haste {unknown}
 z - a potion of degeneration {unknown}
 B - a potion of lignification {unknown}
 C - 2 potions of flight {unknown}
Books
 A - a book of Minor Magic

   Spells                             Type                      Level
   a - Magic Dart                     Conjuration                  1
   b - Blink                          Translocation                2
   c - Call Imp                       Summoning                    2
   d - Repel Missiles                 Charms/Air                   2
   e - Slow                           Hexes                        2
   f - Conjure Flame                  Conjuration/Fire             3
   g - Mephitic Cloud                 Conjuration/Poison/Air       3
Comestibles
 e - 3 bread rations
 k - a fruit
 x - 2 meat rations


   Skills:
 + Level 3.9 Fighting
 + Level 3.0 Axes
 + Level 3.8 Armour
 + Level 1.6 Dodging
 + Level 0.2 Stealth
 + Level 3.9 Shields


You had 5 spell levels left.
You didn't know any spells.

Dungeon Overview and Level Annotations

Branches:
Dungeon (4/15)
 Temple: D:4-7

Altars:
Dithmenos
Elyvilon
Ru
Sif Muna
Zin


Innate Abilities, Weirdness & Mutations

You have sharp toenails.
You are slightly more attuned to the shadows.
You sometimes gain power by taking damage.


Message History

* * * LOW HITPOINT WARNING * * *
You focus on the pain.
You feel agile all of a sudden.
You hear a loud, deep croak!
You feel sick.
The orc wizard hits you but does no damage.
You feel sick.
You hit the orc wizard but do no damage.
You claw the orc wizard, but do no damage.
The orc wizard is heavily wounded.
You feel sick. You block the orc wizard's attack.
You feel sick.
You hit the orc wizard. Your kick misses the orc wizard.
The orc wizard is heavily wounded.
The orc wizard barely misses you.
The orc wizard points at you and mumbles some strange words.
You block the puff of flame.
The orc priest invokes the aid of Beogh against you.
Something smites you!
You die...

#....'..'.....#...##
#...'..+ .##
#....#..#.....'...+
+...#..# .#
#....#..#.....###+##
#...#..##.#
#########..........#
#...#.....# #.?........+
+...#..#..##
#..........#+#...#..##...
#................#.......
######'##+#[.....#.....##
#..oo@.# .. #.....#
#######.###.# # #..##.#
......).# +# #####.##
.......)....... #....
.....#......... #....
..[..#.###..##. ##...
+### #. #+# ###'# ..
#.... .. ##.##


You could see an orc priest and an orc wizard.

Vanquished Creatures
  3 orc wizards
  Crazy Yiuf (D:2)
  Jessica (D:2)
  A worker ant (D:4)
  Robin (D:2)
  5 adders
  2 giant geckos
  9 orcs
  2 ball pythons
  9 bats
  2 giant cockroaches
  12 goblins
  12 hobgoblins
  4 jackals (D:2)
  5 kobolds
  A giant newt (D:2)
  5 rats
75 creatures vanquished.

Notes
Turn   | Place    | Note
--------------------------------------------------------------
     0 | D:1      | Ohli the Demonspawn Fighter began the quest for the Orb.
     0 | D:1      | Reached XP level 1. HP: 18/18 MP: 1/1
   223 | D:1      | Gained mutation: You have sharp toenails. [demonic ancestry]
   223 | D:1      | Reached XP level 2. HP: 18/24 MP: 2/2
   739 | D:2      | Found a white marble altar of Elyvilon.
   901 | D:2      | Found a shadowy altar of Dithmenos.
   901 | D:2      | Noticed Jessica
   909 | D:2      | Killed Jessica
   909 | D:2      | Gained mutation: You sometimes gain a little power by taking damage. [demonic ancestry]
   909 | D:2      | Reached XP level 3. HP: 26/29 MP: 3/3
  1236 | D:2      | Noticed Robin
  1278 | D:2      | Reached XP level 4. HP: 35/35 MP: 4/4
  1284 | D:2      | Killed Robin
  1488 | D:2      | Noticed Crazy Yiuf
  1506 | D:2      | Killed Crazy Yiuf
  1506 | D:2      | Reached skill level 1 in Dodging
  1751 | D:3      | Found a glowing silver altar of Zin.
  1900 | D:3      | Gained mutation: You sometimes gain power by taking damage. [demonic ancestry]
  1900 | D:3      | Reached XP level 5. HP: 37/42 MP: 5/5
  2122 | D:3      | Found a glowing drain.
  2538 | D:3      | Found a sacrificial altar of Ru.
  2539 | D:3      | Found a deep blue altar of Sif Muna.
  3254 | D:4      | Gained mutation: You are slightly more attuned to the shadows. [demonic ancestry]
  3254 | D:4      | Reached XP level 6. HP: 46/48 MP: 6/6
  3265 | D:4      | Killed from afar by an orc priest

Vault maps used:
D:1:      saegor_arrival_simple_e, minmay_liquid_box
D:2:      overflow_temple_1_default, lemuel_round_altar,
          grunt_decor_mini_mirrors, uniq_jessica, uniq_crazy_yiuf_cottage,
          uniq_robin
D:3:      zin_statuary, gammafunk_temple_overflow_pools, portal_sewer_entry_d
D:4:      corexii_shack_village, nicolae_ossuary_entry_monument, first_bread

Action                   |  1- 3 |  4- 6 || total
-------------------------+-------+-------++-------
Melee: War axe           |    84 |   193 ||   277
  Use: Potion            |       |     2 ||     2
       Scroll            |       |     1 ||     1
  Eat: Fruit             |     1 |     1 ||     2
       Chunk             |       |     6 ||     6
